 Dungeon Crawl Stone Soup version 0.29.1-12-g30fa7ad0bf (webtiles) character file.

Game seed: 13016899358960778893

2339 KittyFluff the Protected (level 9, -3/84 HPs)
             Began as a Gargoyle Berserker on Jan 15, 2023.
             Was a High Priest of Trog.
             Slain by a steam dragon (4 damage)
             ... on level 7 of the Dungeon.
             The game lasted 00:36:27 (7108 turns).

KittyFluff the Protected (Gargoyle Berserker)       Turns: 7108, Time: 00:36:30

Health: -3/84      AC: 16    Str: 23    XL:     9   Next: 43%
Magic:  0/9        EV: 14    Int:  8    God:    Trog [*****.]
Gold:   166        SH:  0    Dex: 17    Spells: 8/8 levels left

rFire   . . .      SeeInvis +   t - +2 flail (holy)
rCold   . . .      Faith    .   (no shield)
rNeg    + . .      Spirit   +   C - +0 leather armour of Untold Secrets {*Slow rElec SInv}
rPois   ∞          Reflect  .   w - +2 helmet
rElec   +          Harm     .   (no cloak)
rCorr   .          Rampage  .   (no gloves)
Will    .....                   c - +1 pair of boots
Stlth   ..........              n - amulet of guardian spirit
HPRegen 0.24/turn               G - ring of the Open Hand {Wiz Dex+6}
MPRegen 0.11/turn               (no ring)

@: berserking, very quick
A: sickness immunity, AC +6, negative energy resistance 1, electricity
resistance, torment resistance 1, petrification resistance
a: Renounce Religion, Berserk, Trog's Hand, Brothers in Arms


You were on level 7 of the Dungeon.
You worshipped Trog.
Trog was extremely pleased with you.
You visited 1 branch of the dungeon, and saw 7 of its levels.
You also visited: Sewer and Ossuary.

You collected 358 gold pieces.
You spent 192 gold pieces at shops.

Inventory:

Hand Weapons
 a - a +1 mace of holy wrath
 i - a +0 sling
 t - a +2 flail of holy wrath (weapon)
Missiles
 e - 22 stones (quivered)
 N - 2 boomerangs
Armour
 c - a +1 pair of boots (worn)
 d - a +2 ring mail of poison resistance
 w - a +2 helmet (worn)
 x - a +1 hat
 C - the +0 leather armour of Untold Secrets (worn) {*Slow rElec SInv}
   (You took it off a goblin on level 3 of the Dungeon)

   rElec:     It insulates you from electricity.
   SInv:      It lets you see invisible.
   *Slow:     It may slow you when you take damage.
 M - a +0 scale mail
 O - a +1 leather armour of fire resistance
Jewellery
 n - an amulet of guardian spirit (around neck)
 G - the ring of the Open Hand (left hand) {Wiz Dex+6}
   (You took it off a hobgoblin on level 4 of the Dungeon)

   [ring of wizardry]

   It improves your spell success rate.
   Dex:       It affects your dexterity (+6).
Wands
 B - a wand of acid (8)
 E - a wand of charming (7)
 J - a wand of flame (36)
 L - a wand of mindburst (7)
Scrolls
 b - 2 scrolls of blinking {unknown}
 g - a scroll of identify
 h - a scroll of magic mapping {unknown}
 l - a scroll of enchant weapon
 r - 4 scrolls of amnesia {unknown}
 v - a scroll of poison
 y - 3 scrolls of teleportation {unknown}
 I - 2 scrolls of summoning
Potions
 f - 3 potions of resistance {unknown}
 j - 2 potions of cancellation
 k - 3 potions of heal wounds
 m - 6 potions of might
 o - 7 potions of brilliance {unknown}
 p - 2 potions of haste {unknown}
 s - 3 potions of magic {unknown}
 u - 5 potions of berserk rage {unknown}
 z - 2 potions of attraction {unknown}
 A - 2 potions of mutation {unknown}
 F - 3 potions of ambrosia
 H - a potion of invisibility {unknown}
 K - 3 potions of curing


   Skills:
 + Level 6.3 Fighting
 * Level 7.8 Maces & Flails
 * Level 8.1 Armour
 + Level 4.4 Dodging


You had 8 spell levels left.
You didn't know any spells.
Your spell library was empty.

Dungeon Overview and Level Annotations

Branches:
Dungeon (7/15)             Temple (0/1) D:5           Sewer (visited)
Ossuary (visited)

Altars:
Dithmenos
Fedhas
Gozag
Ru
Sif Muna
Trog
Vehumet
The Shining One

Shops:
D:4 =   D:5 !   D:6 *


Innate Abilities, Weirdness & Mutations

You are immune to sickness and miasma.
Your stone body is resilient. (AC +6)
You are immune to poison.
You resist negative energy. (rN+)
You are resistant to electric shocks. (rElec)
You are resistant to unholy torment.
You are immune to petrification.


Message History

The sky beast is severely wounded.
The sky beast closely misses you. The orc misses you.
The steam dragon misses you. The steam dragon barely misses you.
You closely miss the sky beast.
The sky beast is severely wounded.
The orc hits you with a +0 whip.
The sky beast hits you but does no damage.
The steam dragon misses you. The steam dragon barely misses you.
You closely miss the sky beast.
The sky beast is severely wounded.
The orc misses you. The sky beast barely misses you.
The steam dragon breathes steam at you.
The ball of steam hits you but does no damage.
You closely miss the sky beast.
The sky beast is severely wounded.
You are engulfed in a cloud of scalding steam.
* * * LOW HITPOINT WARNING * * *
The orc misses you. The sky beast closely misses you.
The steam dragon bites you!
* * * LOW HITPOINT WARNING * * *
The steam dragon closely misses you.
A red film seems to cover your vision as you go berserk!
You feel yourself moving faster!
You feel mighty!
You are engulfed in a cloud of scalding steam.
The orc closely misses you.
The sky beast hits you but does no damage.
The steam dragon bites you but does no damage.
The steam dragon claws you but does no damage.
You sock the sky beast!
You kill the sky beast!
Trog accepts your kill.
You are engulfed in a cloud of scalding steam.
You bludgeon the steam dragon!!
The steam dragon is heavily wounded.
You are engulfed in a cloud of scalding steam.
* * * LOW HITPOINT WARNING * * *
The orc is engulfed in a cloud of scalding steam.
The orc dies!
The steam dragon bites you.
You die...

#.......# ##### ..#.....#
##...# .#...#..###....#
#..#...........#
.........#.....## #######
...JY.5..#......####.#...##
###.#......####............
........#J# #...........#.
........##@# ##..###....<..
#..#.....D§.##...###.......
.#...#.....##....##........
.#....##...##...###......#
o..... ..........#.......#
...#.........#............
.......###..........
.#..........#....##......
.#..............###....#..


You could see a steam dragon and a jelly.

Vanquished Creatures
  Sigmund (D:3)
  A water moccasin (D:5)
  An ice beast (D:7)
  A sky beast (D:7)
  A phantom (D:5)
  2 bullfrogs
  2 water moccasin zombies (Ossuary)
  2 scorpions
  3 wights (D:6)
  4 killer bees (D:6)
  2 jellies
  3 orc priests
  A gnoll bouda (D:5)
  2 hounds
  4 iguanas
  11 orc wizards
  3 mummies
  Robin (D:2)
  10 gnolls
  12 adders
  6 river rats (Sewer)
  A shadow imp (D:5)
  2 white imps (D:7)
  7 adder zombies (Ossuary)
  7 worms
  A dart slug (D:2)
  19 orcs
  9 ball pythons
  6 bats
  5 endoplasms
  3 giant cockroaches
  4 gnoll zombies (Ossuary)
  14 hobgoblins
  5 jackals
  9 kobolds
  5 quokkas
  8 frilled lizards
  18 goblins
  2 hobgoblin zombies (Ossuary)
  4 kobold zombies (Ossuary)
  4 orc zombies (Ossuary)
  17 rats
223 creatures vanquished.

Vanquished Creatures (others)
  An orc (D:7)
  23 plants
24 creatures vanquished.

Grand Total: 247 creatures vanquished

Notes
Turn   | Place    | Note
-------+----------+-------------------------------------------
     0 | D:1      | KittyFluff the Gargoyle Berserker began the quest for the
                  | Orb.
     0 | D:1      | Reached XP level 1. HP: 14/14 MP: 1/1
   166 | D:1      | Reached XP level 2. HP: 16/19 MP: 2/2
   256 | D:1      | Found a faded altar of an unknown god.
   939 | D:2      | Reached XP level 3. HP: 23/23 MP: 3/3
  1023 | D:2      | Reached skill level 3 in Armour
  1185 | D:2      | Noticed Robin
  1206 | D:2      | Killed Robin
  1207 | D:2      | Reached XP level 4. HP: 12/28 MP: 4/4
  1214 | D:2      | Reached ** piety under Trog
  1775 | D:3      | Found a glowing golden altar of the Shining One.
  1917 | D:3      | Found a glowing drain.
  1947 | Sewer    | Entered a sewer
  1972 | Sewer    | Reached XP level 5. HP: 32/33 MP: 3/5
  2129 | Sewer    | Reached *** piety under Trog
  2294 | Sewer    | Reached skill level 4 in Armour
  2565 | D:3      | Reached XP level 6. HP: 37/38 MP: 6/6
  2737 | D:3      | Identified the +0 leather armour of Untold Secrets {*Slow
                  | rElec SInv}
  2851 | D:3      | Found a shadowy altar of Dithmenos.
  2865 | D:3      | Noticed Sigmund
  2883 | D:3      | Killed Sigmund
  3205 | D:4      | Found Osot's Jewellery Boutique.
  3599 | D:4      | Reached **** piety under Trog
  3600 | D:4      | Reached skill level 5 in Maces & Flails
  3600 | D:4      | Reached XP level 7. HP: 34/44 MP: 3/7
  3741 | D:4      | Found a blossoming altar of Fedhas.
  3874 | D:4      | Identified the ring of the Open Hand {Wiz Dex+6}
  4197 | D:5      | Entered Level 5 of the Dungeon
  4197 | D:5      | Found a sacrificial altar of Ru.
  4211 | D:5      | Reached skill level 5 in Armour
  4332 | D:5      | Found a staircase to the Ecumenical Temple.
  4861 | D:5      | Found Moomatt's Distillery.
  5041 | D:5      | Reached skill level 5 in Fighting
  5041 | D:5      | Reached skill level 6 in Armour
  5041 | D:5      | Reached XP level 8. HP: 48/49 MP: 8/8
  5252 | D:5      | Found a shimmering blue altar of Sif Muna.
  5426 | D:5      | Bought a potion of might for 48 gold pieces
  5426 | D:5      | Bought a potion of curing for 36 gold pieces
  5426 | D:5      | Bought a potion of ambrosia for 96 gold pieces
  5426 | D:5      | Bought a potion of degeneration for 12 gold pieces
  5487 | D:6      | Found an opulent altar of Gozag.
  5487 | D:6      | Found Gozag's Platinum Reserve.
  5533 | D:6      | Found a radiant altar of Vehumet.
  5564 | D:6      | Reached ***** piety under Trog
  5742 | D:6      | Reached skill level 7 in Armour
  5857 | D:6      | Found a sand-covered staircase.
  5865 | Ossuary  | Entered an ossuary
  6042 | Ossuary  | Reached XP level 9. HP: 55/55 MP: 7/9
  6638 | D:6      | Found a bloodstained altar of Trog.
  6907 | D:7      | Received a gift from Trog
  7017 | D:7      | Reached skill level 8 in Armour
  7105 | D:7      | HP: 2/55 [steam dragon (7)]
  7108 | D:7      | Slain by a steam dragon

Illustrated notes

Levels and vault maps discovered:
D:1:      onia_arrival_pentagram, layout_basic,
          dilly_ecumenical_altar_fadedgnrine
D:2:      layout_rooms, grunt_ministairs_6, uniq_robin
D:3:      minmay_chambers_of_threes, layout_rooms,
          mainiacjoe_overflow_tiny_flanked, nicolae_dithmenos_shadow_blocks,
          cheibrodos_sewer_entry_drain, minmay_quantized, uniq_sigmund
D:4:      layout_gridville, fedhas_altar_decomposition, serial_shops, shop
D:5:      layout_loops_cross, mainiacjoe_overflow_alcove_2,
          mainiacjoe_overflow_small_starburst, lemuel_temple_firewalk_b,
          serial_shops, kennysheep_mini
D:6:      layout_basic, nicolae_gozag_zags_fifth_avenue, lemuel_tele_altar,
          vehumet_crystals, gup_ossuary_entry_pyramid, lightli_minifort
D:7:      layout_cave_pools, minmay_increasing_density

Skill      XL: |  1  2  3  4  5  6  7  8  9 |
---------------+----------------------------+-----
Armour         | 3 4 6 7 8 |  8.1
Dodging        | 2 3 4 |  4.4
Maces & Flails | 4 5 7 |  7.8
Fighting       | 4 5 6 |  6.3

Action                   |  1- 3 |  4- 6 |  7- 9 || total
-------------------------+-------+-------+-------++-------
Melee: Mace              |    96 |   340 |    78 ||   514
       Punch             |     1 |     4 |    11 ||    16
       Flail             |       |       |   317 ||   317
Throw: Stone             |       |       |     1 ||     1
Invok: Berserk           |     1 |     2 |     2 ||     5
  Use: Scroll            |       |     4 |     3 ||     7
 Stab: Distracted        |     1 |       |       ||     1
       Sleeping          |       |       |     1 ||     1
Armor: Animal skin       |    11 |       |       ||    11
       Leather armour    |    44 |   180 |   189 ||   413
Dodge: Dodged            |    78 |   236 |   308 ||   622
